 Dungeon Crawl Stone Soup version 0.32-a0-656-g3542139ebd (webtiles) character file.

Game seed: 14938805300875096465

513 ytrimaz the Shooter (level 7, -8/56 HPs)
             Began as a Coglin Hunter on Mar 8, 2024.
             Mangled by an orc priest
             ... wielding a +0 heavy hand axe
              (10 damage)
             ... on level 5 of the Dungeon.
             The game lasted 00:05:35 (3670 turns).

ytrimaz the Shooter (Coglin Hunter)                 Turns: 3670, Time: 00:05:35

Health: -8/56      AC:  4    Str: 11 (12) XL:     7   Next: 19%
Magic:  7/7        EV: 12    Int:  7 (8)  God:
Gold:   201        SH:  0    Dex: 17 (19) Spells: 6/6 levels left

rFire   . . .        a - +3 sling {Feng}
rCold   . . .        d - +0 sling {Wanphen}
rNeg    . . .        c - +0 leather armour
rPois   .            j - +1 hat
rElec   .            (no cloak)
rCorr   .            (no gloves)
SInv    .            (no boots)
Will    .....        (amulet unavailable)
Stlth   ++           (ring unavailable)
HPRegen 0.29/turn    (ring unavailable)
MPRegen 0.10/turn    (no gizmo)

%: no passive effects
@: revved
A: off-hand wielding, slow wielding, warmup strikes, no jewellery
a: Invent Gizmo, Convert to Beogh


You were on level 5 of the Dungeon.
You visited 1 branch of the dungeon, and saw 5 of its levels.

You collected 201 gold pieces.


Innate Abilities, Weirdness & Mutations

You can wield a second weapon in your off-hand.
It takes a long time for you to wield or remove held weapons.
Your first few attacks do less damage.
You cannot equip rings or amulets.


   Skills:
 + Level 5.5 Fighting
 + Level 6.0 Ranged Weapons
 - Level 1.7 Dodging
 - Level 0.7 Stealth


You had 6 spell levels left.
You didn't know any spells.
Your spell library contained the following spells:

 Spells                   Type           Power      Damage    Failure   Level
 Iskenderun's Battlesphe  Conj           0%         2d6       100%        5
 Bombard                  Conj/Erth      0%         9d1       100%        6
 Spellforged Servitor     Conj/Summ      0%         N/A       100%        7

Inventory:

Hand Weapons
 a - a +3 sling (weapon) {Feng}
 d - a +0 sling (offhand) {Wanphen}
Armour
 c - a +0 leather armour (worn)
 j - a +1 hat (worn)
   (You found it on level 3 of the Dungeon)
Wands
 l - a wand of paralysis (6)
   (You took it off Ijyb on level 3 of the Dungeon)
Scrolls
 b - a scroll of butterflies
 i - a scroll of vulnerability
Potions
 e - 2 potions of attraction
 f - a potion of degeneration
 k - a potion of enlightenment {unknown}
 m - a potion of ambrosia {unknown}
 o - a potion of magic {unknown}

Dungeon Overview and Level Annotations

Branches:
Dungeon (5/15) Zot: 26278  Temple (0/1) D:4

Altars:
Okawaru
Ru

Shops:
D:4

:
##..†...#.#.#.#..g.
#..##.##...### .o
#..##.......#
###..#####....# ####
#.....# #....#
#..#### ##....#
...... #...#.#
##....####$...##
#...#.###..)o....#
##..........@.#.##
##..####...#.##..#
#......#.....###.#
##................
######.......)....#.
##..###...........#
#.....#...........#
#.......#.#......#
#......#..###.....


You could see an orc priest.


Message History

You shoot a sling bullet. The sling bullet hits the gnoll.
You shoot a sling bullet.
The sling bullet hits the gnoll but does no damage.
The orc priest threatens, "Beogh's wrath is as vast as their mercy.
Make your choice!" The gnoll closely misses you.
Fire: a) +3 sling {Feng}
Press: ? - help, Q - select action, (/) - cycle Shift-Dir - straight line, f/p - gnoll
Aim: a gnoll, wielding a +0 whip (heavily wounded, haloed, 84% to hit)
You shoot a sling bullet. The sling bullet hits the gnoll.
You shoot a sling bullet.
The sling bullet barely misses the gnoll.
The sling bullet hits the orc wizard but does no damage.
The gnoll hits you with a +0 whip!
* * * LOW HITPOINT WARNING * * *
😨 HP[-7]
You take 7 damage, and now have 16/56 hp.
Fire: a) +3 sling {Feng}
Press: ? - help, Q - select action, (/) - cycle Shift-Dir - straight line, f/p - gnoll
Aim: a gnoll, wielding a +0 whip (almost dead, haloed, 84% to hit)
You shoot a sling bullet.
The sling bullet hits the gnoll but does no damage.
You shoot a sling bullet. The sling bullet hits the gnoll.
You kill the gnoll!
The orc priest mumbles some strange prayers to Beogh against you.
You struggle to resist.
The orc wizard hits you with a +0 dagger.
* * * LOW HITPOINT WARNING * * *
😨 HP[-1]
You take 1 damage, and now have 15/56 hp.
Fire: a) +3 sling {Feng}
Press: ? - help, Q - select action, (/) - cycle Shift-Dir - straight line, f - orc wizard
Aim: an orc wizard, wielding a +0 dagger, wearing a +0 robe and wearing an orb of light (slightly transparent, haloed, 59% to hit)
You shoot a sling bullet.
The sling bullet barely misses the orc wizard.
You shoot a sling bullet. The sling bullet hits the orc wizard.
The orc wizard misses you.
Fire: a) +3 sling {Feng}
Press: ? - help, Q - select action, (/) - cycle Shift-Dir - straight line, f/p - orc wizard
Aim: an orc wizard, wielding a +0 dagger, wearing a +0 robe and wearing an orb of light (lightly wounded, slightly transparent, haloed, 59% to hit)
You shoot a sling bullet.
The orc priest shouts, "Beogh offers mercy even to people such as you.
Join us and be reborn!"
The sling bullet hits the orc wizard.
You shoot a sling bullet.
The sling bullet closely misses the orc wizard.
The orc wizard closely misses you. 😨 HP[+1] Fire: a) +3 sling {Feng}
Press: ? - help, Q - select action, (/) - cycle Shift-Dir - straight line, f/p - orc wizard
Aim: an orc wizard, wielding a +0 dagger, wearing a +0 robe and wearing an orb of light (lightly wounded, slightly transparent, haloed, 59% to hit)
You shoot a sling bullet. The sling bullet hits the orc wizard.
You shoot a sling bullet. The sling bullet hits the orc wizard.
The orc priest hits you but does no damage.
The orc wizard casts a spell at you. The puff of flame hits you.
* * * LOW HITPOINT WARNING * * *
😱 HP[-2]
You take 2 damage, and now have 14/56 hp.
Unknown command.
Fire: a) +3 sling {Feng}
Press: ? - help, Q - select action, (/) - cycle Shift-Dir - straight line, f/p - orc wizard
Aim: an orc wizard, wielding a +0 dagger, wearing a +0 robe and wearing an orb of light (severely wounded, slightly transparent, haloed, 59% to hit)
You shoot a sling bullet.
The orc priest shouts, "Surrender to Beogh and we'll let you live!"
The sling bullet hits the orc wizard.
You shoot a sling bullet.
The sling bullet hits the orc wizard but does no damage.
The orc wizard casts a spell at you. The magic dart hits you.
* * * LOW HITPOINT WARNING * * *
The orc priest misses you.
Fire: a) +3 sling {Feng}
Press: ? - help, Q - select action, (/) - cycle Shift-Dir - straight line, f/p - orc wizard
Aim: an orc wizard, wielding a +0 dagger, wearing a +0 robe and wearing an orb of light (almost dead, slightly transparent, haloed, 59% to hit)
You shoot a sling bullet. The sling bullet hits the orc wizard!
You kill the orc wizard!
You shoot a sling bullet.
The orc priest hits you with a +0 heavy hand axe!
* * * LOW HITPOINT WARNING * * *
Your Ranged Weapons skill increases to level 6! 😱 HP[-12]
You take 12 damage, and now have 2/56 hp.
MASSIVE DAMAGE!! (PAUSE) Fire: a) +3 sling {Feng}
Press: ? - help, Q - select action, (/) - cycle Shift-Dir - straight line, f - orc priest
Aim: an orc priest, wielding a +0 heavy hand axe and wearing a +0 leather armour (66% to hit)
You shoot a sling bullet. The sling bullet hits the orc priest.
The orc priest threatens, "Beogh's wrath is as vast as their mercy.
Make your choice!"
You shoot a sling bullet. The sling bullet hits the orc priest!
The orc priest threatens, "Beogh's wrath is as vast as their mercy.
Make your choice!"
Unknown command.
Fire: a) +3 sling {Feng}
Press: ? - help, Q - select action, (/) - cycle Shift-Dir - straight line, f/p - orc priest
Aim: an orc priest, wielding a +0 heavy hand axe and wearing a +0 leather armour (almost dead, 66% to hit)
You shoot a sling bullet.
The sling bullet hits the orc priest but does no damage.
You shoot a sling bullet.
The orc priest threatens, "Beogh's wrath is as vast as their mercy.
Make your choice!"
The sling bullet hits the orc priest but does no damage.
The orc priest threatens, "Beogh's wrath is as vast as their mercy.
Make your choice!"
The orc priest hits you with a +0 heavy hand axe!
You die...

Skill      XL: |  1  2  3  4  5  6  7 |
---------------+----------------------+-----
Ranged Weapons | 4 5 6 |  6.0
Fighting       | 3 4 5 |  5.5
Dodging        | |  1.7
Stealth        | |  0.7

Action                     |  1- 3 |  4- 6 |  7- 9 || total
---------------------------+-------+-------+-------++-------
   Fire: Sling             |   162 |   294 |    46 ||   502
    Use: Scroll            |     3 |     4 |     1 ||     8
         Potion            |       |       |     2 ||     2
 Armour: Leather armour    |    10 |    31 |    16 ||    57
  Dodge: Dodged            |     9 |    34 |    10 ||    53

Levels and vault maps discovered:
D:1:      wander_arrival_abandoned_jail, layout_loops_cross,
          ebering_ecumenical_altar_abandoned
D:2:      layout_basic
D:3:      layout_loops_corners, nicolae_overflow_hidden_temple, uniq_ijyb
D:4:      layout_layer_cave, minmay_temple_entry_water_ring, serial_shops,
          nicolae_shop_trees, hangedman_decor_riveting, cheibrodos_gnoll_hut
D:5:      layout_cave_pools, mainiacjoe_overflow_catwalk, kennysheep_mini,
          nicolae_twisty_statue_hallways

Notes
Turn   | Place    | Note
-------+----------+-------------------------------------------
     0 | D:1      | ytrimaz the Coglin Hunter began the quest for the Orb.
     0 | D:1      | Reached XP level 1. HP: 16/16 MP: 1/1
     0 | D:1      | magus.rc [v1.9.6]
    61 | D:1      | Reached XP level 2. HP: 23/23 MP: 2/2
   232 | D:1      | Reached skill level 4 in Ranged Weapons
   451 | D:1      | Found a faded altar of an unknown god.
   552 | D:2      | Reached XP level 3. HP: 28/28 MP: 3/3
   552 | D:2      | You pick up a book of Power and begin reading...
   552 | D:2      | You add the spells Iskenderun's Battlesphere, Bombard and
                  | Spellforged Servitor to your library.
   719 | D:2      | Reached skill level 3 in Fighting
  1109 | D:2      | Reached XP level 4. HP: 35/35 MP: 4/4
  1929 | D:3      | Noticed Ijyb
  1938 | D:3      | Paralysed by Ijyb for 4 turns
  1946 | D:3      | Paralysed by Ijyb for 3 turns
  1952 | D:3      | HP: 5/37 [Ijyb/+0 club (5)]
  1955 | D:3      | Killed Ijyb
  1956 | D:3      | Reached XP level 5. HP: 7/42 MP: 5/5
  2090 | D:3      | Found an iron altar of Okawaru.
  2090 | D:3      | Found a sacrificial altar of Ru.
  2149 | D:3      | Reached skill level 4 in Fighting
  2222 | D:3      | You fall into a shaft and drop 1 floor!
  2315 | D:4      | Identified the +1 short sword of the Original Sin {flame,
                  | rF+ Str+4 Int+3 Dex+3}
  2378 | D:4      | Reached skill level 5 in Ranged Weapons
  2494 | D:4      | Reached XP level 6. HP: 49/49 MP: 6/6
  2542 | D:4      | Found a staircase to the Ecumenical Temple.
  3062 | D:4      | Found Qaon's Book Emporium.
  3276 | D:4      | Reached skill level 5 in Fighting
  3475 | D:5      | Entered Level 5 of the Dungeon
  3545 | D:5      | Reached XP level 7. HP: 40/56 MP: 7/7
  3666 | D:5      | HP: 14/56 [orc wizard/puff of flame (2)]
  3668 | D:5      | HP: 2/56 [orc priest/+0 heavy hand axe (10)]
  3669 | D:5      | Reached skill level 6 in Ranged Weapons
  3670 | D:5      | Mangled by an orc priest

Vanquished Creatures
  2 scorpions
  3 hounds (D:4)
  A jelly (D:5)
  Ijyb (D:3)
  An orc wizard (D:5)
  8 gnolls
  5 adders
  A dart slug (D:3)
  3 ribbon worms
  5 orcs
  6 bats
  4 endoplasms
  5 giant cockroaches
  9 hobgoblins
  3 jackals (D:3)
  7 kobolds
  4 quokkas
  7 ball pythons
  4 frilled lizards
  9 goblins
  6 rats
94 creatures vanquished.

Table legend:
 A = Non-vault XP
 B = Vault XP
 C = Vault XP percentage of total XP
 D = Non-vault monster count
 E = Vault monster count
 F = Vault count percentage of total count
                 A         B        C        D         E       F
            +---------+---------+-------+---------+---------+-------
      Total |     596 |     137 |  18.7 |      90 |       4 |   4.3
            +---------+---------+-------+---------+---------+-------
        D:1 |      48 |       0 |   0.0 |      21 |       0 |   0.0
        D:2 |      53 |       0 |   0.0 |      26 |       0 |   0.0
        D:3 |      70 |      39 |  35.8 |      19 |       1 |   5.0
        D:4 |     210 |      98 |  31.8 |      15 |       3 |  16.7
        D:5 |     215 |       0 |   0.0 |       9 |       0 |   0.0
            +---------+---------+-------+---------+---------+-------

Skill      XL: |  1  2  3  4  5  6  7 |
---------------+----------------------+-----
Ranged Weapons | 4 5 6 |  6.0
Fighting       | 3 4 5 |  5.5
Dodging        | |  1.7
Stealth        | |  0.7

Action                     |  1- 3 |  4- 6 |  7- 9 || total
---------------------------+-------+-------+-------++-------
   Fire: Sling             |   162 |   294 |    46 ||   502
    Use: Scroll            |     3 |     4 |     1 ||     8
         Potion            |       |       |     2 ||     2
 Armour: Leather armour    |    10 |    31 |    16 ||    57
  Dodge: Dodged            |     9 |    34 |    10 ||    53

Illustrated notes

Table legend:
 A = Kills in this place as a percentage of kills in the entire game.
 B = Kills by you in this place as a percentage of kills by you in the entire game.
 C = Kills by friends in this place as a percentage of kills by friends in the entire game.
 D = Other kills in this place as a percentage of other kills in the entire game.
 E = Experience gained in this place as a percentage of experience gained in the entire game.
 F = Experience gained in this place divided by the number of levels of this place that you have seen.
                   A       B       C       D       E      F
               +-------+-------+-------+-------+-------+----------------------
         Total | 100.0 | 100.0 |   N/A |   N/A | 100.0 | 146.6
       Dungeon | 100.0 | 100.0 |   N/A |   N/A | 100.0 | 146.6
               +-------+-------+-------+-------+-------+----------------------

Table legend: (Time is in decaauts)
 A = Elapsed time spent in this place.
 B = Non-inter-level travel time spent in this place.
 C = Inter-level travel time spent in this place.
 D = Time resting spent in this place.
 E = Time spent auto-exploring this place.
 F = Levels seen in this place.
 G = Mean time per level.
                   A        B        C        D        E       F      G
               +--------+--------+--------+--------+--------+-----+--------+
         Total |   3720 |   3626 |     94 |    100 |   3051 |   5 |  744.0 |
       Dungeon |   3720 |   3626 |     94 |    100 |   3051 |   5 |  744.0 |
               +--------+--------+--------+--------+--------+-----+--------+

Top non-repeatable levels by time:
     D:4: 1263 daAuts
     D:2: 840 daAuts
     D:1: 721 daAuts
     D:3: 695 daAuts
     D:5: 199 daAuts
